 Dungeon Crawl Stone Soup version 0.17.0-7-gfadd4cc (console) character file.

63 gw the Charmwright (level 3, 0/25 HPs)
             Began as a High Elf Skald on Nov 8, 2015.
             Slain by Natasha (1 damage)
             ... on level 3 of the Dungeon.
             The game lasted 00:02:35 (3134 turns).

gw the Charmwright (High Elf Skald)                 Turns: 3134, Time: 00:02:35

Health: 0/25       AC:  3    Str: 11    XL:     3   Next: 87%
Magic:  0/8        EV: 12    Int: 17    God:
Gold:   92         SH:  0    Dex: 14    Spells: 4 memorised, 0 levels left

rFire  . . .     SeeInvis .     a - +0 falchion
rCold  . . .     Clarity  .     b - +0 leather armour
rNeg   . . .     SustAt   .     (no shield)
rPois  .         Gourm    .     (no helmet)
rElec  .         Spirit   .     (no cloak)
rCorr  .         Warding  .     (no gloves)
rMut   .         Stasis   .     (no boots)
MR     .....                    (no amulet)
Stlth  +.........               (no ring)
                                (no ring)

@: infused, slowed, very slow, not resistant to hostile enchantments, very
unstealthy
A: no striking features
a: no special abilities


You were on level 3 of the Dungeon.
You were not hungry.

You visited 1 branch of the dungeon, and saw 3 of its levels.

You collected 92 gold pieces.

Inventory:

Hand Weapons
 a - a +0 falchion (weapon)
Armour
 b - a +0 leather armour (worn)
Books
 c - a book of Battle

   Spells                             Type                      Level
   a - Infusion                       Charms                       1
   b - Shroud of Golubria             Charms/Translocation         2
   c - Song of Slaying                Charms                       2
   d - Spectral Weapon                Hexes/Charms                 3
   e - Regeneration                   Charms/Necromancy            3
Comestibles
 d - a bread ration


   Skills:
 + Level 2.4 Fighting
 + Level 3.1 Long Blades
 - Level 0.8 Armour
 + Level 1.8 Dodging
 * Level 3.3 Spellcasting
 + Level 4.1 Charms


You couldn't memorise any spells.
You knew the following spells:

 Your Spells              Type           Power        Failure   Level  Hunger
a - Infusion              Chrm           ###...       6%          1    None
b - Shroud of Golubria    Chrm/Tloc      #.........   17%         2    ##.....
c - Song of Slaying       Chrm           ###.....     10%         2    ##.....
d - Spectral Weapon       Hex/Chrm       #.......     34%         3    ###....


Dungeon Overview and Level Annotations

Branches:
Dungeon (3/15)

Altars:

Annotations:
D:3 Natasha


Message History

Unknown command.
Unknown command.
Unknown command.
ATTACK MOVE TO (-1,-1)
You barely miss the iron imp.
The iron imp is severely wounded.
Your spectral weapon hits the iron imp!
You kill the iron imp!
Natasha mumbles some strange words.
The crimson imp completely misses you. Natasha closely misses you.
The crimson imp blinks!
The crimson imp hits you.
Unknown command.
Unknown command.
Unknown command.
Unknown command.
ATTACK MOVE TO (-1,1)
You hit the crimson imp but do no damage.
Your spectral weapon hits the crimson imp but does no damage.
Natasha claws you.
You die...

#### ...# # # #..## #.#
#. #..# ##.#### ##..###
#.###.....##.
.......#####........<...
>.....(eh5...#.#.###....
......5#######..........
##..### #....#####. #.
#...## # #..?.# #..##.#
#..##.......
#.<##.......
...####...##


You could see Natasha, a crimson imp and a shadow imp.

Table legend:
 A = Turns spent in this place as a percentage of turns spent in the entire game.
 B = Non-inter-level travel turns spent in this place as a percentage of non-inter-level travel turns spent in the entire game.
 C = Inter-level travel turns spent in this place as a percentage of turns spent in this place.
 D = Turns resting spent in this place as a percentage of non-inter-level travel turns spent in this place.
 E = Turns spent auto-exploring this place as a percentage of non-inter-level travel turns spent in this place.
 F = Non-inter-level travel turns spent in this place divided by the number of levels of this place that you've seen.
                   A       B       C       D       E      F
               +-------+-------+-------+-------+-------+----------------------
         Total | 100.0 | 100.0 |   0.8 |   2.1 |   1.7 | 1222.0
       Dungeon | 100.0 | 100.0 |   0.8 |   2.1 |   1.7 | 1222.0
               +-------+-------+-------+-------+-------+----------------------

Table legend:
 A = Kills in this place as a percentage of kills in entire the game.
 B = Kills by you in this place as a percentage of kills by you in the entire game.
 C = Kills by friends in this place as a percentage of kills by friends in the entire game.
 D = Other kills in this place as a percentage of other kills in the entire game.
 E = Experience gained in this place as a percentage of experience gained in the entire game.
 F = Experience gained in this place divided by the number of levels of this place that you have seen.
                   A       B       C       D       E      F
               +-------+-------+-------+-------+-------+----------------------
         Total | 100.0 | 100.0 |  -nan |  -nan | 100.0 |  30.0
       Dungeon | 100.0 | 100.0 |  -nan |  -nan | 100.0 |  30.0
               +-------+-------+-------+-------+-------+----------------------

Vanquished Creatures
  3 giant geckos
  4 bats
  3 giant cockroaches
  9 hobgoblins
  10 kobolds
  A ball python (D:1)
  3 giant newts
  7 goblins
  5 jackals
  10 rats
55 creatures vanquished.

Notes
Turn   | Place    | Note
--------------------------------------------------------------
     0 | D:1      | gw the High Elf Skald began the quest for the Orb.
     0 | D:1      | Reached XP level 1. HP: 14/14 MP: 4/4
   547 | D:1      | Reached XP level 2. HP: 14/19 MP: 3/6
   629 | D:1      | Learned a level 2 spell: Shroud of Golubria
   632 | D:1      | Learned a level 2 spell: Song of Slaying
  1230 | D:1      | Reached XP level 3. HP: 3/24 MP: 0/8
  1502 | D:1      | Learned a level 3 spell: Spectral Weapon
  1696 | D:2      | Reached skill level 4 in Charms
  3109 | D:3      | Noticed Natasha
  3133 | D:3      | HP: 1/25 [crimson imp[Natasha] (4)]
  3134 | D:3      | Slain by Natasha

Action                   || total
-------------------------++-------
Melee: Falchion          ||   191
 Cast: Infusion          ||    20
       Shroud of Golubri ||    11
       Song of Slaying   ||     1
       Spectral Weapon   ||     1
  Eat: Chunk             ||     9

Vault maps used:
D:1:      scummos_arrival_checkerplants, serial_bayou_pond_b
D:3:      amethyst_overflow_temple_binary, uniq_robin, uniq_natasha,
          uniq_jessica
